Cogmind - Beta 9.6 @@@ ROGUE MODE // 2020.09.11 @ 11:59:53 Player: CyberAI Result: Destroyed by S-10 Pest with Light Assault Rifle Performance ------------- Evolutions (0) 0 Regions Visited (1) 200 Robots Destroyed (7) 35 Value Destroyed (139) 139 Prototype IDs (0) 0 Alien Tech Used (0) 0 Bonus (0) 0 TOTAL SCORE: 374 Bonus ------- None Cogmind --------- Core Integrity 0/250 Matter 257/300 Energy 100/100 System Corruption 4% Temperature Cool (0) Movement Core (300) Ox5 Location -10/Materials Parts ------- > --- POWER (1) -------- (None) > --- PROPULSION (2) --- (None) > --- UTILITY (2) ------ Large Storage Unit Seismic Analyzer > --- WEAPON (2) ------- (None) > --- INVENTORY (10) --- Ion Engine Aluminum Leg Small Storage Unit Peak State ------------ > --- POWER ------------ Ion Engine > --- PROPULSION ------- Improved Aluminum Leg Wheel > --- UTILITY ---------- Large Storage Unit Seismic Analyzer > --- WEAPON ----------- Light Assault Rifle Light Assault Rifle > --- INVENTORY -------- Aluminum Leg Small Storage Unit [Rating: 8] Favorites ----------- Power Ion Engine Engine Ion Engine Propulsion Wheel Leg Aluminum Leg Wheel Wheel Utility Seismic Analyzer Storage Large Storage Unit Processor Seismic Analyzer Weapon Light Assault Rifle Ballistic Gun Light Assault Rifle Build | -11 -10 ------- Run | Scr Mat Slots Evolved . | . . Power . | . . Propulsion . | . . Utility . | . . Weapon . | . . Parts Attached 12 | 8 4 Power 2 | 1 1 Engine 2 | 1 1 Core . | . . Reactor . | . . Propulsion 4 | 3 1 Treads . | . . Leg 2 | 1 1 Wheel 2 | 2 . Hover . | . . Flight . | . . Utility 4 | 2 2 Device . | . . Storage 2 | 1 1 Processor 2 | 1 1 Hackware . | . . Protection . | . . Artifact . | . . Weapon 2 | 2 . Energy Gun . | . . Energy Cannon . | . . Ballistic Gun 2 | 2 . Ballistic Cannon . | . . Launcher . | . . Special Weapon . | . . Impact Weapon . | . . Slashing Weapon . | . . Piercing Weapon . | . . Special Melee Weapon . | . . Unidentified Prototypes . | . . Parts Lost 5 | . 5 Power 1 | . 1 Propulsion 2 | . 2 Utility . | . . Weapon 2 | . 2 Highest Loss Streak 3 | . 3 Average Slot Usage (%) 88 | . 88 Engine 13 | . 13 Leg 9 | . 9 Wheel 13 | . 13 Storage 14 | . 14 Processor 14 | . 14 Ballistic Gun 22 | . 22 Naked Turns . | . . Heaviest Build 23 | 11 23 Greatest Support 16 | 16 13 Greatest Overweight (x) 7 | 1 7 Average Overweight (x) 1 | . 1 Largest Inventory Capacity 10 | 6 10 Average Capacity 8 | 5 8 Most Carried 3 | 1 3 Average Carried 1 | . 1 Final Capacity 10 | 6 10 Final Carried 3 | 1 3 Class Distribution -------------------- 100% | Mutant Dominant Class ---------------- Mutant | -10/Materials Resources | -11 -10 ----------- Run | Scr Mat Matter Collected 259 | 174 85 Remotely . | . . Salvage Created 188 | 17 171 Parts 10 | 4 6 Haulers Intercepted . | . . Recyclers Shooed . | . . Parts Field Recycled . | . . Retrieved Matter . | . . Parts Self-Destructed . | . . Prevented . | . . Kills | -11 -10 ------- Run | Scr Mat Combat Hostiles Destroyed 6 | . 6 Guns 6 | . 6 Classes Destroyed 3 | 1 2 Tunneler 1 | 1 . Swarmer 3 | . 3 Grunt 3 | . 3 Best Kill Streak 4 | 1 4 Combat Bots Only 4 | . 4 Max Kills in Single Turn 1 | 1 1 Gunslinging . | . . Exploded . | . . Melee . | . . Uniques/NPCs Destroyed . | . . Combat | -11 -10 -------- Run | Scr Mat Damage Taken 722 | . 722 Core 253 | . 253 Absorbed by Shields . | . . Core Remaining (%) 100 | 100 . Volleys Fired 30 | 4 26 Largest 2 | 2 2 Hottest 40 | 40 40 Shots Fired 49 | 8 41 Gun 49 | 8 41 Cannon . | . . Launcher . | . . Special . | . . Kinetic 49 | 8 41 Thermal . | . . Explosive . | . . Electromagnetic . | . . Robot Hit Streak 3 | 2 3 Robot Miss Streak 7 | 3 7 Penetration Max . | . . Secondary Targets 3 | . 3 Max Gunslinging Chain 1 | . 1 Shots Hit Robots 18 | 4 14 Core Hits 12 | 2 10 Critical Hits . | . . Critical Kills . | . . Critical Parts Destroyed . | . . Melee Attacks . | . . Impact . | . . Slashing . | . . Piercing . | . . Sneak Attacks . | . . Combat Hostiles . | . . Follow-up Attacks . | . . Damage Inflicted 217 | 53 164 Guns 217 | 53 164 Cannons . | . . Explosions . | . . Melee . | . . Ramming . | . . Kinetic 217 | 53 164 Thermal . | . . Explosive . | . . Electromagnetic . | . . Impact . | . . Slashing . | . . Piercing . | . . Highest Corruption 4 | . 4 Average Corruption 3 | . 3 Corruption Purged . | . . Effects 9 | . 9 Message Errors 1 | . 1 Heat Flow Errors 3 | . 3 Energy Discharges 1 | . 1 Targeting Errors 4 | . 4 Overload Shots . | . . Overflow Damage . | . . Projectiles . | . . Explosions . | . . Melee . | . . Knockbacks . | . . Impact . | . . Kinetic . | . . Secondary . | . . Self-Inflicted Damage . | . . Shots . | . . Rammed . | . . Targets Rammed . | . . Kicked . | . . Crushed . | . . Highest Temperature 245 | . 245 Average Temperature 82 | . 82 Received Heat Transfer 108 | . 108 Siege Activations . | . . Robots Corrupted . | . . Combat Hostiles . | . . Parts Fried . | . . Impact Corruptions . | . . Robots Melted . | . . Combat Hostiles . | . . Parts Melted . | . . Heat Transferred . | . . Parts Sabotaged . | . . Parts Stolen . | . . Parts Stripped . | . . Power Chain Reactions . | . . Missiles Intercepted . | . . Alert | -11 -10 ------- Run | Scr Mat Peak Influence 150 | 5 150 Average Influence 41 | 1 48 Maximum Alert Level . | . . Low Security (%) 100 | 100 100 Level 1 . | . . Level 2 . | . . Level 3 . | . . Level 4 . | . . Level 5 . | . . High Security . | . . Max Security . | . . Squads Dispatched 2 | . 2 Investigation 1 | . 1 Extermination . | . . Reinforcement 1 | . 1 Assault . | . . Garrison . | . . Intercept . | . . Construction Impeded . | . . Haulers Reinforced . | . . Stealth | -11 -10 --------- Run | Scr Mat Distress Signals . | . . Communications Jammed . | . . Distress Signals . | . . Times Spotted 12 | . 12 Peak Tracking Total 4 | . 4 Tactical Retreats . | . . Traps | -11 -10 ------- Run | Scr Mat Traps Triggered 3 | . 3 Indirectly . | . . Trap Hack Attempts . | . . Triggered . | . . Disarmed . | . . Reprogrammed . | . . Reused . | . . Traps Extracted . | . . Installed . | . . Triggered . | . . Machines | -11 -10 ---------- Run | Scr Mat Machines Disabled . | . . Max in Single Turn . | . . Machines Sabotaged . | . . Garrisons Compromised . | . . Overloaded Fab Kills . | . . Fab Network Shutdowns . | . . Hacking | -11 -10 --------- Run | Scr Mat Machines Accessed 2 | . 2 Terminals 1 | . 1 Fabricators . | . . Repair Stations . | . . Recycling Units 1 | . 1 Scanalyzers . | . . Garrison Access . | . . Total Hacks 12 | . 12 Successful 8 | . 8 Failed 4 | . 4 Catastrophic . | . . Database Lockouts . | . . Manual . | . . Terminals 7 | . 7 Fabricators . | . . Repair Stations . | . . Recycling Units 5 | . 5 Scanalyzers . | . . Garrison Access . | . . Terminal Hacks 4 | . 4 Record 2 | . 2 Unreport Threat 1 | . 1 Zone Layout 1 | . 1 Fabricator Hacks . | . . Repair Station Hacks . | . . Recycling Unit Hacks 4 | . 4 Recycle Component 1 | . 1 Process 1 | . 1 Report Inventory 1 | . 1 Retrieve Matter 1 | . 1 Scanalyzer . | . . Garrison Access Hacks . | . . Unauthorized Hacks . | . . Terminals . | . . Fabricators . | . . Repair Stations . | . . Recycling Units . | . . Scanalyzers . | . . Garrison Access . | . . Data Cores Recovered . | . . Used . | . . Hacking Detections 2 | . 2 Full Trace Events 1 | . 1 Feedback Events . | . . Feedback Blocked . | . . Robot Schematics Acquired . | . . Robots Built . | . . Matter . | . . Time . | . . Total Robot Build Rating . | . . Part Schematics Acquired . | . . Parts Built . | . . Matter . | . . Time . | . . Total Part Build Rating . | . . Parts Repaired . | . . Time . | . . Parts Recycled 1 | . 1 Recycled Matter 42 | . 42 Retrieved Matter 42 | . 42 Retrieved Components . | . . Parts Scanalyzed . | . . Part Schematics Acquired . | . . Parts Damaged . | . . Bothacking | -11 -10 ------------ Run | Scr Mat Used RIF Installer . | . . Robots Hacked . | . . Non-combat . | . . Combat . | . . Robot Hacks Applied . | . . Relay Couplers Released . | . . Robots Rewired . | . . Allies Hacked . | . . Hacks Repelled . | . . Allies | -11 -10 -------- Run | Scr Mat Total Allies . | . . Largest Group . | . . Highest-Rated Group . | . . Highest-Rated Ally . | . . Total Orders . | . . Ally Attacks . | . . Total Damage . | . . Kills . | . . Allies Corrupted . | . . Allies Melted . | . . Intel | -11 -10 ------- Run | Scr Mat Robot Analysis Total . | . . Derelict Logs Recovered . | . . Drone Launches . | . . Drone Recoveries . | . . Exploration | -11 -10 ------------- Run | Scr Mat Turns Passed 532 | 79 453 Spaces Moved 342 | 61 281 Core 38 | 3 35 Treads . | . . Legs 49 | 3 46 Wheels 255 | 55 200 Hover . | . . Flight . | . . Fastest Speed 50 | 50 90 Average Speed 129 | 93 137 Slowest Speed 400 | 150 400 Overloaded Moves . | . . Propulsion Burnouts . | . . Robots Hopped . | . . Cave-ins Triggered . | . . Exploration Rate (%) 25 | 4 46 Regions Visited 1 Branch Regions . Pre-discovered Areas . | . . Known Exits Taken . | . . Unknown Exits Taken 1 | 1 . Scrap Searched . | . . Spaces Dug . | . . Terrain Destroyed . | . . Melee . | . . Projectile . | . . AOE . | . . Actions | -11 -10 --------- Run | Scr Mat Total 383 | 72 311 Wait . | . . Move 341 | 60 281 Hop . | . . Pick Up . | . . Fast Attach 7 | 7 . Attach . | . . Detach . | . . Swap 5 | 1 4 Drop . | . . Fire 30 | 4 26 Melee . | . . Ram . | . . Kick . | . . Crush . | . . Escape Stasis . | . . Rewire . | . . Trap . | . . Miscellaneous . | . . Route ------- -11/Scrapyard -10/Materials (discovered 1 exit: [*Mat]) History --------- Turn | Location | Event 24 | -11/Scrapyard | Discovered new exit (range 16) 80 | -11/Scrapyard | Entered Materials 313 | -10/Materials | Build established: Mutant 407 | -10/Materials | Discovered new exit (range 15) 508 | -10/Materials | Core integrity fell below 50% 524 | -10/Materials | Core integrity fell below 20% 533 | -10/Materials | Destroyed by S-10 Pest with Light Assault Rifle Last Messages --------------- 00386_ U-05 Engineer lays Concrete. 00395_ Imp. Aluminum Leg destroyed. 00397_ G-34 Mercenary destroyed. 00404_ U-05 Engineer lays Concrete. 00406_ R-06 Scavenger collects Ion Engine. 00407_ EXIT=FOUND 00409_ R-06 Scavenger collects Aluminum Leg. 00429_ VXE>0E:I&E/II>3#B W5ZWN9B6QUA,W%S 00451_ Connecting with Recycling Unit... 00481_ K-01 Serf cleans the Atomic Centrifuge. 00486_ System corrupted: Heat flow error (+149). 00489_ K-01 Serf collects debris. 00492_ K-01 Serf cleans the Atomic Centrifuge. 00497_ K-01 Serf collects debris. 00500_ Lgt. Assault Rifle destroyed. 00504_ K-01 Serf collects debris. 00512_ Wheel destroyed. 00514_ K-01 Serf collects debris. 00521_ Ion Engine destroyed. 00522_ K-01 Serf collects debris. Map ----- +----------------------------------------------------+ | ??????????????#""" #??# """ # #????#####??? | | ??????????????#""" [ #??# """ # ######!!##??? | | ??????????????#""" #??# =# !#??? | | ??????????????+ #??######## #??? | | ??????????????#""" #?????????# !#??? | | ??????????????#""" #?????????###### !#??? | | ??????????????#""" ! #??????######### !!##??? | | ??????????????# #??????# # #####??? | | ????????????# #####+########### # ######## | | ????????????# / + # | | ????????????+ [############# # """ | | ????????????# # ######## # """" | | ????????????###### """ # #??????# #??????? | | ?????????????????# """ # #??????# #??????? | | ?????????????????# """ + #??????# +??????? | | ?????????????????# s# #??????# #??????? | | ?????????????????# ss #"" #??????# #??????? | | ?????????????????# """ % #"Y #??????# ??????? | | ?????????????????# """ #"" #??????? ???????? | | ?????????????????# """ # #?????????????????? | | ???????????????? + ######?????????????????? | | ??????????????? # % #??????????????????????? | | ??????????????"" # #??????????????????????? | | ?????????????????# "T" #??????????????????????? | | ?????????????????# """ #??????????????????????? | | ?????????????????# k@#??????????????????????? | | ?????????????????# #??????????????????????? | | ?????????????????###### < #??????????????????????? | | ??????????????????????# #??????????????????????? | | ??????????????????????#####??????????????????????? | | ?????????????????????????????????????????????????? | | ?????????????????????????????????????????????????? | | ?????????????????????????????????????????????????? | | ?????????????????????????????????????????????????? | | ?????????????????????????????????????????????????? | | | | | | | | | | | | | | | | | | | | | | | | | | | | | | | +----------------------------------------------------+ Best States ------------- Heat Dissipation 25 Energy Generation 10 Energy Capacity 250 Matter Stores 257 Matter Capacity 300 Sight Range 16 Terrain Scan Density 60 Evasion (%) 42 Item Schematics ----------------- None Robot Schematics ------------------ None Fabricated ------------ Nothing Alien Tech Used ----------------- None Achievements -------------- Storm Trooper Challenges ------------ None Game ------ Seed CryofiberHardcellAnalyzer Manual? 0 Play Time 00:08:07 Cumulative 1.9 hours Start 2020.09.10 @ 23:49:03 End 2020.09.11 @ 11:59:53 Sessions 3 Manual Loads 0 Difficulty Rogue Special Mode None Game No. 4 Rogue 1 Adventurer 0 Explorer 3 Win Type - Total 0 Types 0/0/0/0/0/0/0 Lore% 2 Gallery% 5 Achievement% 7 Wizard Run 0 Options --------- ASCII 0 Keyboard 0 Movement Arrows Keybinds 0 Fullscreen 2 Font 12/Cog Map View 83x54 Tactical HUD 1 Map Filters NONE Filters NONE Steam X RUN: 00ac821e-6921-45a7-94dc-9ef5042aa9df